 Dungeon Crawl Stone Soup version 0.29.1-14-g9c671dbff4 (webtiles) character file.

Game seed: 16364122948069132828

18 booth the Conjurer (level 2, 0/15 HPs)
             Began as a Deep Elf Conjurer on Feb 13, 2023.
             Slain by a jackal (1 damage)
             ... on level 1 of the Dungeon.
             The game lasted 00:04:22 (490 turns).

booth the Conjurer (Deep Elf Conjurer)               Turns: 490, Time: 00:04:23

Health: 0/15       AC:  2    Str:  4    XL:     2   Next: 51%
Magic:  6/8        EV: 12    Int: 22    God:
Gold:   0          SH:  0    Dex: 13    Spells: 6/7 levels left

rFire   . . .      SeeInvis .   b - +0 dagger (venom)
rCold   . . .      Faith    .   (no shield)
rNeg    . . .      Spirit   .   a - +0 robe
rPois   .          Reflect  .   (no helmet)
rElec   .          Harm     .   (no cloak)
rCorr   .          Rampage  .   (no gloves)
Will    .....                   (no boots)
Stlth   ++........              (no amulet)
HPRegen 0.05/turn               (no ring)
MPRegen 0.11/turn               (no ring)

@: no status effects
A: no striking features
a: no special abilities


You were on level 1 of the Dungeon.
You visited 1 branch of the dungeon, and saw 1 of its levels.

Inventory:

Hand Weapons
 b - a +0 dagger of venom (weapon)
Armour
 a - a +0 robe (worn)
 c - a +0 ring mail
Scrolls
 d - a scroll of identify {unknown}
 e - a scroll of amnesia {unknown}


   Skills:
 + Level 2.6 Dodging
 + Level 2.5 Stealth
 + Level 3.1 Spellcasting
 + Level 5.0 Conjurations


You had 6 spell levels left.
You knew the following spells:

 Your Spells              Type           Power      Damage    Failure   Level
a - Magic Dart            Conj           100%       1d8       1%          1

Your spell library contained the following spells:

 Spells                   Type           Power      Damage    Failure   Level
 Searing Ray              Conj           50%        2d6       2%          2
 Dazzling Flash           Conj/Hex       28%        N/A       13%         3
 Fulminant Prism          Conj/Hex       7%         3d7       41%         4
 Iskenderun's Mystic Bla  Conj/Tloc      14%        2d5       41%         4


Dungeon Overview and Level Annotations

Branches:
Dungeon (1/15)

Altars:


Message History

The jackal attacks as you move away!
The jackal bites you but does no damage.
The jackal closely misses you. The jackal bites you.
The jackal closely misses you.
You hit the jackal but do no damage.
The jackal is poisoned.
The jackal is severely wounded.
The jackal bites you. The jackal barely misses you.
You barely miss the jackal. The jackal closely misses you.
The jackal bites you. The jackal barely misses you.
The jackal closely misses you.
You hit the jackal but do no damage.
The jackal is poisoned.
The jackal barely misses you. x2
You hit the jackal.
The jackal looks as sick as possible!
The jackal is moderately wounded.
The jackal bites you. The jackal closely misses you. The jackal bites you.
You closely miss the jackal.
The jackal is almost dead.
The jackal barely misses you. The jackal bites you.
* * * LOW HITPOINT WARNING * * *
The jackal barely misses you.
Casting: Magic Dart (safe; 1% risk of failure)
Confirm with . or Enter, or press ? or * to list all spells.
Aiming: Magic Dart (safe; 1% risk of failure)
Press: ? - help, Shift-Dir - straight line, f - jackal
Aim: a jackal (almost dead, very poisoned, 100% to hit)
The magic dart hits the jackal.
You kill the jackal!
The jackal closely misses you.
Your Conjurations skill increases to level 5!
Casting: Magic Dart (safe; 1% risk of failure)
Confirm with . or Enter, or press ? or * to list all spells.
Aiming: Magic Dart (safe; 1% risk of failure)
Press: ? - help, Shift-Dir - straight line, f - jackal
Aim: a jackal (almost dead, extremely poisoned, 100% to hit)
The magic dart hits the jackal.
You kill the jackal!
The jackal bites you.
* * * LOW HITPOINT WARNING * * *
The jackal bites you.
You die...

... ......#...# #.# ...
##.#..#..####†# ... .
..............# ...
#.####.†#.###.#.# ..
.........# #.#.# .
......#.# #.#.# ######
###...#.# #.#.# ≈≈≈≈≈#
##...#.###.#.#
≈≈≈≈≈#.##.....gh@#.#.#
...≈≈#.......#.#r#.#.#
~...≈#..#....).#.#.#.#
~~..≈#..#....#...#.#.#
~...≈#.......#...#.#.###
..§§§#.......#...#.....#
≈≈§§§#...........#######
≈≈§≈§#.......#...#
######...#..##......


You could see a quokka, a jackal and a goblin.

Vanquished Creatures
  2 ball pythons (D:1)
  3 bats (D:1)
  2 goblins (D:1)
  2 hobgoblins (D:1)
  5 jackals (D:1)
  A quokka (D:1)
  A kobold (D:1)
  A rat (D:1)
17 creatures vanquished.

Notes
Turn   | Place    | Note
-------+----------+-------------------------------------------
     0 | D:1      | booth the Deep Elf Conjurer began the quest for the Orb.
     0 | D:1      | Reached XP level 1. HP: 10/10 MP: 6/6
   169 | D:1      | Reached XP level 2. HP: 15/15 MP: 4/8
   490 | D:1      | Reached skill level 5 in Conjurations
   490 | D:1      | Slain by a jackal

Illustrated notes

Levels and vault maps discovered:
D:1:      dpeg_arrival_shrine, layout_basic, shapermc_ecumenical_altar_gd

Skill      XL: |  1  2 |
---------------+-------+-----
Conjurations   | 5 |  5.0
Dodging        | |  2.6
Stealth        | |  2.5
Spellcasting   | |  3.1

Action                   || total
-------------------------++-------
Melee: Unarmed           ||     5
       Dagger            ||    10
 Cast: Magic Dart        ||    27
  Use: Potion            ||     1
Armor: Robe              ||     9
Dodge: Dodged            ||    43
